 Dungeon Crawl Stone Soup version 0.20.1-1-g8b1a95d (webtiles) character file.

26 Vourdeox the Conjurer (level 2, 0/20 HPs)
             Began as a Demigod Conjurer on Nov 30, 2017.
             Succumbed to an adder's poison
             ... on level 3 of the Dungeon.
             The game lasted 00:08:06 (471 turns).

Vourdeox the Conjurer (Demigod Conjurer)             Turns: 471, Time: 00:08:07

Health: 0/20       AC:  2    Str: 11    XL:     2   Next: 69%
Magic:  2/7        EV: 12    Int: 19    God:
Gold:   121        SH:  0    Dex: 16    Spells: 1/4 levels left

rFire    . . .     SeeInvis .   h - +0 dagger
rCold    . . .     Gourm    .   (no shield)
rNeg     . . .     Faith    .   a - +0 robe
rPois    .         Spirit   +   (no helmet)
rElec    .         Reflect  .   (no cloak)
rCorr    .         Harm     .   (no gloves)
MR       .....                  (no boots)
Stlth    ++........             n - amulet of guardian spirit
Regen    0.1/turn               (no ring)
MPRegen  0.1/turn               (no ring)

@: lethally poisoned (0 -> -15)
A: high mp 1
a: no special abilities


You were on level 3 of the Dungeon.
You were not hungry.

You visited 1 branch of the dungeon, and saw 3 of its levels.

You collected 121 gold pieces.

Inventory:

Hand Weapons
 h - a +0 dagger (weapon)
Armour
 a - a +0 robe (worn)
 g - a +0 ring mail
Jewellery
 n - an amulet of guardian spirit (around neck)
Scrolls
 d - 2 scrolls of magic mapping {unknown}
 e - a scroll of remove curse {unknown}
 k - a scroll of identify {unknown}
 l - a scroll of recharging {unknown}
Potions
 i - a potion of flight {unknown}
 j - a potion of brilliance {unknown}
 m - a potion of heal wounds {unknown}
Books
 b - a book of Conjurations

   Spells                             Type                      Level
   a - Magic Dart                     Conjuration                  1
   b - Searing Ray                    Conjuration                  2
   c - Dazzling Spray                 Conjuration/Hexes            3
   d - Fulminant Prism                Conjuration/Hexes            4
   e - Force Lance                    Conjuration/Translocation    4
   f - Iskenderun's Mystic Blast      Conjuration                  4
Comestibles
 c - a bread ration
 f - 2 fruits


   Skills:
 + Level 1.9 Dodging
 + Level 2.0 Stealth
 + Level 1.9 Spellcasting
 + Level 4.2 Conjurations


You had one spell level left.
You knew the following spells:

 Your Spells              Type           Power        Failure   Level  Hunger
a - Magic Dart            Conj           ###.         3%          1    #......
b - Searing Ray           Conj           ###...       4%          2    ###....


Dungeon Overview and Level Annotations

Branches:
Dungeon (3/15)


Innate Abilities, Weirdness & Mutations

You have an increased reservoir of magic. (+10% MP)


Message History

You are more poisoned.
The adder poisons you!
You barely miss the adder.
The adder is lightly wounded.
* * * LOW HITPOINT WARNING * * *
You feel sick. The adder barely misses you. The adder completely misses you.
The adder barely misses you.
You hit the adder but do no damage.
The adder is lightly wounded.
* * * LOW HITPOINT WARNING * * *
You feel sick. The adder completely misses you. The adder bites you.
* * * LOW HITPOINT WARNING * * *
The adder misses you.
You closely miss the adder.
The adder is lightly wounded.
* * * LOW HITPOINT WARNING * * *
You feel sick. The adder misses you. The adder closely misses you.
You completely miss the adder.
The adder is lightly wounded.
You die...

#########
........# #.# #<#
#.#
#######.###.###
...............
.#.####...###.###
......S@S.#
.######.........
#...###### #...#
#.... ##..## #..#
#..#


You could see 2 adders.

Vanquished Creatures
  An adder (D:2)
  2 leopard geckos (D:1)
  A goblin (D:1)
  A hobgoblin (D:2)
  A quokka (D:3)
  2 bats
  A frilled lizard (D:1)
  2 kobolds
  7 rats
18 creatures vanquished.

Notes
Turn   | Place    | Note
-------+----------+-------------------------------------------
     0 | D:1      | Vourdeox the Demigod Conjurer began the quest for the Orb.
     0 | D:1      | Reached XP level 1. HP: 14/14 MP: 5/5
   208 | D:1      | Reached skill level 4 in Conjurations
   208 | D:1      | Reached XP level 2. HP: 14/20 MP: 2/7
   384 | D:2      | Found a shattered altar of Ashenzari.
   443 | D:3      | Learned a level 2 spell: Searing Ray
   470 | D:3      | HP: 1/20 [poisoned by an adder]
   471 | D:3      | Succumbed to an adder's poison

Skill      XL: |  1  2 |
---------------+-------+-----
Conjurations   | 4 |  4.2
Stealth        | 2 |  2.0
Dodging        | |  1.9
Spellcasting   | |  1.9

Action                   || total
-------------------------++-------
Melee: Unarmed           ||    18
       Dagger            ||    19
 Cast: Magic Dart        ||    16
       Searing Ray       ||     1
  Use: Scroll            ||     1
 Stab: Sleeping          ||     5
Armor: Robe              ||     7
Dodge: Dodged            ||    30
